 Dungeon Crawl Stone Soup version 0.29.1-12-g30fa7ad0bf (webtiles) character file.

Game seed: 2025120053997431544

5 fleeber the Digger (level 1, 0/10 HPs)
             Began as a Gargoyle Earth Elementalist on Dec 20, 2022.
             Slain by a jackal (2 damage)
             ... on level 1 of the Dungeon.
             The game lasted 00:00:37 (187 turns).

fleeber the Digger (Gargoyle Earth Elementalist)     Turns: 187, Time: 00:00:38

Health: 0/10       AC:  4    Str: 11    XL:     1   Next: 80%
Magic:  1/3        EV:  8    Int: 15    God:
Gold:   5          SH:  0    Dex: 10    Spells: 3/4 levels left

rFire   . . .      SeeInvis .   (no weapon)
rCold   . . .      Faith    .   (no shield)
rNeg    + . .      Spirit   .   a - +0 robe
rPois   ∞          Reflect  .   (no helmet)
rElec   +          Harm     .   (no cloak)
rCorr   .          Rampage  .   (no gloves)
Will    .....                   (no boots)
Stlth   ++........              (no amulet)
HPRegen 0.03/turn               (no ring)
MPRegen 0.08/turn               (no ring)

@: constricted
A: sickness immunity, AC +2, negative energy resistance 1, electricity
resistance, torment resistance 1, petrification resistance
a: no special abilities


You were on level 1 of the Dungeon.
You visited 1 branch of the dungeon, and saw 1 of its levels.

You collected 5 gold pieces.

Inventory:

Armour
 a - a +0 robe (worn)
Potions
 b - a potion of magic
 c - a potion of heal wounds {unknown}
 d - a potion of attraction {unknown}
 e - a potion of curing {unknown}


   Skills:
 - Level 1.5 Dodging
 - Level 2.1 Stealth
 + Level 2.1 Spellcasting
 + Level 0.5 Conjurations
 - Level 0.7 Transmutations
 + Level 3.8 Earth Magic


You had 3 spell levels left.
You knew the following spells:

 Your Spells              Type           Power      Damage    Failure   Level
a - Sandblast             Erth           26%        2d8       4%          1

Your spell library contained the following spells:

 Spells                   Type           Power      Damage    Failure   Level
 Passwall                 Tmut/Erth      6%         N/A       13%         2
 Stone Arrow              Conj/Erth      16%        3d8       26%         3
 Petrify                  Tmut/Erth      8%         N/A       65%         4


Dungeon Overview and Level Annotations

Branches:
Dungeon (1/15)

Altars:


Innate Abilities, Weirdness & Mutations

You are immune to sickness and miasma.
Your stone body is resilient. (AC +2)
You are immune to poison.
You resist negative energy. (rN+)
You are resistant to electric shocks. (rElec)
You are resistant to unholy torment.
You are immune to petrification.


Message History

Press: ? - help, Shift-Dir - straight line, f/p - jackal
Aim: a jackal (77% to hit)
The blast of sand hits the jackal!
You kill the jackal!
You don't have enough magic to cast this spell.
You don't have enough magic to cast this spell.
You don't have enough magic to cast this spell.
You miss the jackal. The jackal closely misses you.
The jackal barks!
You hit the jackal but do no damage. The jackal barely misses you.
The jackal bites you.
You hit the jackal but do no damage.
The ball python bites you but does no damage.
The ball python grabs you. The ball python constricts you.
The jackal completely misses you.
The ball python bites you but does no damage.
The ball python constricts you.
You closely miss the jackal.
A hobgoblin comes into view.
The ball python barely misses you. The ball python constricts you.
The jackal bites you but does no damage.
The jackal bites you.
The hobgoblin shouts!
You hit the jackal but do no damage. The jackal bites you.
The jackal closely misses you.
The ball python bites you but does no damage.
The ball python constricts you.
You hit the jackal but do no damage. The jackal barely misses you.
The jackal bites you. The ball python barely misses you.
The ball python constricts you.
You miss the jackal.
The jackal bites you but does no damage. x2
The ball python bites you. The ball python constricts you.
The jackal bites you but does no damage. x2
You hit the jackal but do no damage. The ball python bites you.
* * * LOW HITPOINT WARNING * * *
The ball python constricts you.
* * * LOW HITPOINT WARNING * * *
The jackal bites you.
You die...

#.
#.#.###.###....
.. #.##.#.## . .#
#.##...# #......#
###...##
#...########
#......)._...
####...#####g...
.........@h......
.........hS......
........[........
#####...#####....
#.... ... #...#
## #...# #...


You could see 2 jackals, a hobgoblin and a ball python.

Vanquished Creatures
  A hobgoblin (D:1)
  2 jackals (D:1)
  2 rats (D:1)
5 creatures vanquished.

Notes
Turn   | Place    | Note
-------+----------+-------------------------------------------
     0 | D:1      | fleeber the Gargoyle Earth Elementalist began the quest for
                  | the Orb.
     0 | D:1      | Reached XP level 1. HP: 10/10 MP: 3/3
   171 | D:1      | Found a faded altar of an unknown god.
   187 | D:1      | Slain by a jackal

Illustrated notes

Levels and vault maps discovered:
D:1:      tarquinn_simple_flora_water_f, layout_loops_cross,
          basic_ecumenical_altar, nrook_uturn

Action                   || total
-------------------------++-------
Melee: Unarmed           ||     8
 Cast: Sandblast         ||     7
Armor: Robe              ||     8
Dodge: Dodged            ||     7
